 Dungeon Crawl Stone Soup version 0.26-a0-649-gf8c6c3aab7 (webtiles) character file.

Game seed: 1849770137681402006

1215 simcity the Conjurer (level 8, -4/46 HPs)
             Began as an Octopode Conjurer on Sept 27, 2020.
             Slain by an orc warrior
             ... wielding a +0 battleaxe
              (23 damage)
             ... on level 5 of the Dungeon.
             The game lasted 00:14:41 (7079 turns).

simcity the Conjurer (Octopode Conjurer)            Turns: 7079, Time: 00:14:42

Health: -4/46      AC:  1    Str: 12    XL:     8   Next: 46%
Magic:  0/16       EV: 13    Int: 22    God:
Gold:   222        SH:  0    Dex: 14    Spells: 3/17 levels left

rFire    . . .     SeeInvis .   u - +6 mace "Moijet" {protect, rElec Dex+3}
rCold    . . .     Faith    .   (no shield)
rNeg     . . .     Spirit   .   (helmet restricted)
rPois    .         Reflect  .   (no amulet)
rElec    +         Harm     .   l - ring of stealth
rCorr    .         Rampage  .   (no ring)
MR       .....                  E - +6 ring of strength
Stlth    ++++......             (no ring)
HPRegen  0.15/turn              (no ring)
MPRegen  0.15/turn              (no ring)
                                (no ring)
                                (no ring)

@: no status effects
A: almost no armour, stealthy swim, amphibious, 8 rings, constrict 8, camouflage
1, gelatinous body 1
a: no special abilities


You were on level 5 of the Dungeon.
You visited 1 branch of the dungeon, and saw 6 of its levels.

You collected 222 gold pieces.

Inventory:

Hand Weapons
 p - a +1 dagger of venom
 q - a +3 vampiric dagger
 u - the +6 mace "Moijet" (weapon) {protect, rElec Dex+3}
   (You took it off an orc wizard on level 4 of the Dungeon)

   It grants its wielder temporary protection when it strikes (+7 to AC).
   It affects your dexterity (+3).
   It insulates you from electricity.
Missiles
 f - 42 poisoned darts (quivered)
 i - 47 bolts
 v - 7 javelins
Armour
 m - a +0 kite shield
Magical Staves
 g - an uncursed staff of earth
Jewellery
 l - a ring of stealth (left tentacle)
 y - an uncursed ring of ice
 E - a +6 ring of strength (on tentacle)
Wands
 w - a wand of flame (22)
 B - a wand of random effects (25)
Scrolls
 b - 2 scrolls of fog
 c - 2 scrolls of enchant weapon {unknown}
 d - 3 scrolls of magic mapping
 e - 2 scrolls of immolation
 h - 2 scrolls of teleportation {unknown}
 j - 2 scrolls of amnesia {unknown}
 k - a scroll of blinking {unknown}
 o - a scroll of random uselessness {unknown}
 r - a scroll of enchant armour {unknown}
 s - 2 scrolls of noise {unknown}
 x - a scroll of remove curse {unknown}
Potions
 a - 4 potions of curing
 n - 3 potions of haste
 t - a potion of berserk rage
 z - a potion of brilliance {unknown}
 A - a potion of heal wounds {unknown}
 C - a potion of magic {unknown}
 D - a potion of might {unknown}


   Skills:
 - Level 2.0 Dodging
 - Level 2.6 Stealth
 + Level 5.4 Spellcasting
 + Level 6.9 Conjurations
 + Level 4.5 Hexes
 + Level 3.0 Translocations


You had 3 spell levels left.
You knew the following spells:

 Your Spells              Type           Power        Failure   Level
a - Magic Dart            Conj           ####         1%          1
b - Searing Ray           Conj           #####.       1%          2
c - Fulminant Prism       Conj/Hex       ####......   9%          4
d - Iskenderun's Mystic   Conj/Tloc      ####....     12%         4
e - Dazzling Flash        Conj/Hex       ####..       2%          3

Your spell library contained the following spells:

 Spells                   Type           Power        Failure   Level


Dungeon Overview and Level Annotations

Branches:
Dungeon (6/15)
 Temple: D:4-7

Altars:
Cheibriados
Elyvilon
Qazlal
Xom

Shops:
D:4 [

Annotations:
D:5 1 runed translucent door


Innate Abilities, Weirdness & Mutations

You cannot wear most types of armour.
You are very stealthy in the water. (Stealth+)
You are amphibious.
You can wear up to eight rings at the same time.
You can use your tentacles to constrict eight enemies at once.
Your skin changes colour to match your surroundings (Stealth+).
Your rubbery body absorbs attacks. (AC +1, EV +1)


Message History

Deactivating autopickup; reactivate with Ctrl-A.
There is a stone staircase leading up here.
Casting: Iskenderun's Mystic Blast (quite dangerous; 12% risk of failure)
Confirm with . or Enter, or press ? or * to list all spells.
Aiming: Searing Ray (safe; 1% risk of failure)
Press: ? - help, Shift-Dir - straight line, f/p - orc warrior
Aim: an orc warrior, wielding a +0 battleaxe and wearing a +0 plate armour (almost dead)
The searing ray hits the orc warrior but does no damage.
The orc warrior is almost dead. (Press . to maintain the ray.)
The bullfrog barely misses you. The orc warrior barely misses you.
The bullfrog misses you.
A sky beast appears from thin air!
Reactivating autopickup.
The bullfrog hits you!
You climb upwards.
Level annotation: 1 runed translucent door
There is a stone staircase leading down here.
The orc warrior hits you with a +0 battleaxe!!
Ouch! That really hurt!
You die...

#..####.###### #.###
##....#......# #.# #
#..#(#......# #.# #
#..#.#......# #.# #
#######...#......# #.# #
#[...............####.###
#..............(.##...#..
#........o.......##.###.#
#######.@F..............#
##############.##..
#.######.##.#
#.........#.#
###.######.(#..
#.......(...###
########....##< #.#####.
#.#####.


You could see an orc warrior and a bullfrog.

Vanquished Creatures
  Pikel (D:5)
  An ice beast (D:5)
  An ogre (D:5)
  3 lemures (D:5)
  A hound (D:5)
  An orc priest (D:4)
  Terence (D:3)
  4 orc wizards
  Jessica (D:2)
  2 iguanas
  3 worker ants
  A hound zombie (D:5)
  A howler monkey skeleton (D:4)
  9 adders
  A shadow imp (D:6)
  2 oozes
  2 adder skeletons (D:4)
  2 dart slugs
  3 worms
  6 leopard geckos
  19 orcs
  8 bats
  10 giant cockroaches
  4 goblins
  10 hobgoblins
  10 jackals
  A quokka (D:2)
  2 ball pythons (D:2)
  6 frilled lizards
  8 kobolds
  A quokka skeleton (D:4)
  10 rats
135 creatures vanquished.

Vanquished Creatures (others)
  A hound (D:4)
  An adder (D:4)
  A quokka (D:4)
  9 fulminant prisms
12 creatures vanquished.

Grand Total: 147 creatures vanquished

Notes
Turn   | Place    | Note
-------+----------+-------------------------------------------
     0 | D:1      | simcity the Octopode Conjurer began the quest for the Orb.
     0 | D:1      | Reached XP level 1. HP: 11/11 MP: 3/3
   420 | D:1      | Reached XP level 2. HP: 17/17 MP: 1/5
   758 | D:1      | Learned a level 2 spell: Searing Ray
   774 | D:1      | Reached XP level 3. HP: 19/21 MP: 0/6
  1909 | D:2      | Reached XP level 4. HP: 25/27 MP: 5/8
  1975 | D:2      | Learned a level 3 spell: Dazzling Flash
  2296 | D:2      | Reached skill level 5 in Conjurations
  2570 | D:2      | Found a snail-covered altar of Cheibriados.
  2572 | D:2      | Found a stormy altar of Qazlal.
  2768 | D:2      | Reached skill level 1 in Hexes
  2981 | D:2      | Reached XP level 5. HP: 31/31 MP: 2/10
  3077 | D:2      | Learned a level 4 spell: Fulminant Prism
  3336 | D:2      | Noticed Jessica
  3445 | D:2      | Killed Jessica
  4168 | D:3      | Noticed Terence
  4172 | D:3      | Killed Terence
  4172 | D:3      | Reached XP level 6. HP: 36/36 MP: 6/11
  4747 | D:4      | Identified the +6 mace "Moijet" {protect, rElec Dex+3}
  4904 | D:4      | Found a shimmering altar of Xom.
  5089 | D:4      | Found Oco Jakk's Antique Armour Shop.
  5271 | D:5      | Entered Level 5 of the Dungeon
  5320 | D:4      | Reached XP level 7. HP: 17/41 MP: 2/13
  5357 | D:4      | HP: 1/41 [iguana (13)]
  5364 | D:4      | Reached skill level 6 in Conjurations
  5762 | D:4      | Learned a level 4 spell: Iskenderun's Mystic Blast
  5763 | D:5      | Noticed Pikel
  5781 | D:5      | Killed Pikel
  5781 | D:5      | Reached skill level 5 in Spellcasting
  5781 | D:5      | Reached XP level 8. HP: 8/46 MP: 1/15
  6476 | D:5      | Noticed an angel
  6477 | D:5      | Found a white marble altar of Elyvilon.
  6565 | D:5      | Found a runed translucent door.
  7079 | D:5      | Slain by an orc warrior

Illustrated notes

Levels and vault maps discovered:
D:1:      dpeg_arrival_rooms_a, layout_loops_ring, minivault_25
D:2:      minmay_inner_zag, layout_basic,
          chequers_temple_overflow_statue_of_worship, uniq_jessica
D:3:      layout_loops_ring, hangedman_abyss_or_decor_lesser_grid, uniq_terence
D:4:      layout_basic, xom_confusion_cloud, serial_shops, shop
D:5:      layout_basic, lemuel_angel_altar, uniq_pikel
D:6:      layout_basic

Skill      XL: |  1  2  3  4  5  6  7  8 |
---------------+-------------------------+-----
Spellcasting   | 3 4 5 |  5.4
Conjurations   | 5 6 |  6.9
Hexes          | 1 2 3 4 |  4.5
Translocations | 2 3 |  3.0
Dodging        | |  2.0
Stealth        | |  2.6

Action                   |  1- 3 |  4- 6 |  7- 9 || total
-------------------------+-------+-------+-------++-------
Melee: Unarmed           |    17 |       |       ||    17
       Constrict         |     2 |     8 |     2 ||    12
       Tentacles         |     1 |     8 |     1 ||    10
       Dagger            |       |    27 |       ||    27
       Mace              |       |    10 |    13 ||    23
 Cast: Magic Dart        |    31 |    32 |    10 ||    73
       Searing Ray       |    12 |    25 |    18 ||    55
       Fulminant Prism   |       |     7 |     3 ||    10
       Dazzling Flash    |       |     1 |       ||     1
       Iskenderun's Myst |       |       |     2 ||     2
  Use: Scroll            |       |     6 |       ||     6
       Potion            |       |       |     1 ||     1
 Stab: Sleeping          |       |     4 |       ||     4
Armor: Skin              |     3 |     5 |     1 ||     9
Dodge: Dodged            |    20 |    29 |    28 ||    77

Table legend: (Time is in decaauts)
 A = Elapsed time spent in this place.
 B = Non-inter-level travel time spent in this place.
 C = Inter-level travel time spent in this place.
 D = Time resting spent in this place.
 E = Time spent auto-exploring this place.
 F = Levels seen in this place.
 G = Mean time per level.
                   A        B        C        D        E       F      G
               +--------+--------+--------+--------+--------+-----+--------+
         Total |   7085 |   6855 |    230 |   2561 |   3382 |   6 | 1180.8 |
       Dungeon |   7085 |   6855 |    230 |   2561 |   3382 |   6 | 1180.8 |
               +--------+--------+--------+--------+--------+-----+--------+

Top non-repeatable levels by time:
     D:1: 1846 daAuts
     D:2: 1660 daAuts
     D:4: 1627 daAuts
     D:3: 973 daAuts
     D:5: 798 daAuts
     D:6: 180 daAuts
